 Dungeon Crawl Stone Soup version 0.29.1-1-gd02db6906a (webtiles) character file.

Game seed: 4450637482419022841

12925 Ijustatesigmund the Fighter (level 12, -2/121 HPs)
             Began as a Gargoyle Fighter on Sept 19, 2022.
             Was a Believer of Cheibriados.
             Slain by Snorg (5 damage)
             ... on level 11 of the Dungeon.
             The game lasted 00:28:12 (13836 turns).

Ijustatesigmund the Fighter (Gargoyle Fighter)     Turns: 13836, Time: 00:28:13

Health: -2/121     AC: 26    Str: 32    XL:     12   Next: 0%
Magic:  12/12      EV:  2    Int: 15    God:    Cheibriados [**....]
Gold:   328        SH: 11    Dex: 13    Spells: 11/11 levels left

rFire   . . .      SeeInvis .   L - +2 flail (holy)
rCold   . . .      Faith    .   c - +1 buckler
rNeg    + . .      Spirit   .   (body armour currently unavailable)
rPois   ∞          Reflect  +   (helmet currently unavailable)
rElec   .          Harm     .   (cloak currently unavailable)
rCorr   .          Rampage  .   (gloves currently unavailable)
Will    +....      NoTele   +   (boots currently unavailable)
Stlth   +.........              C - amulet of reflection
HPRegen 0.30/turn               r - ring of willpower
MPRegen 0.13/turn               A - +4 ring of evasion

@: tree-form, very slow
A: stationary, stasis, torment immunity, boosted hp, sickness immunity, AC +8,
negative energy resistance 1, (electricity resistance), torment resistance 1,
petrification resistance, strong 1
a: Renounce Religion, Bend Time


You were on level 11 of the Dungeon.
You worshipped Cheibriados.
Cheibriados was pleased with you.
You were a tree.
You visited 2 branches of the dungeon, and saw 12 of its levels.

You collected 673 gold pieces.
You spent 345 gold pieces at shops.

Inventory:

Hand Weapons
 j - a +4 mace
 L - a +2 flail of holy wrath (weapon)
Missiles
 u - 2 throwing nets (quivered)
Armour
 b - a +1 chain mail of cold resistance (melded)
 c - a +1 buckler (worn)
 i - a +2 cloak (melded)
 k - a +2 pair of gloves of hurling (melded)
 m - a +2 helmet (melded)
Magical Staves
 d - a staff of conjuration
Jewellery
 r - a ring of willpower (left branch)
 y - a ring of positive energy
 z - the ring "Errosag" {+Blink MP+9 Str-2 Int+2}
   (You found it on level 9 of the Dungeon)

   [ring of magical power]

   Str:       It affects your strength (-2).
   Int:       It affects your intelligence (+2).
   MP:        It affects your magic capacity (+9).
   +Blink:    It lets you blink.
 A - a +4 ring of evasion (right branch)
 C - an amulet of reflection (around neck)
 F - a +4 ring of protection
Wands
 f - a wand of digging (7)
 h - a wand of flame (37)
 x - a wand of charming (3)
Scrolls
 p - 4 scrolls of identify
 q - 3 scrolls of teleportation
 B - a scroll of immolation
 K - a scroll of amnesia
Potions
 e - a potion of resistance
 g - a potion of attraction
 l - 5 potions of curing
 o - 2 potions of flight
 t - a potion of magic
 v - a potion of lignification
 w - a potion of brilliance
 G - 2 potions of ambrosia
 J - 2 potions of might
Miscellaneous
 I - a condenser vane (inert)


   Skills:
 + Level 11.9 Fighting
 + Level 10.7 Maces & Flails
 - Level 7.3 Armour
 + Level 5.0 Dodging
 - Level 6.7 Shields
 + Level 5.5 Evocations


You had 11 spell levels left.
You didn't know any spells.
Your spell library contained the following spells:

 Spells                   Type           Power      Damage    Failure   Level
 Beastly Appendage        Tmut           0%         N/A       34%         1
 Wereblood                Tmut           0%         N/A       45%         2
 Gell's Gravitas          Tloc           0%         N/A       71%         3
 Inner Flame              Hex/Fire       0%         N/A       71%         3
 Lesser Beckoning         Tloc           0%         N/A       71%         3
 Spider Form              Tmut/Pois      0%         N/A       71%         3
 Teleport Other           Tloc           0%         N/A       71%         3
 Cause Fear               Hex            0%         N/A       98%         4
 Discord                  Hex            0%         N/A       100%        8


Dungeon Overview and Level Annotations

Branches:
Dungeon (11/15)            Temple (1/1) D:6            Lair (0/5) D:9
    Orc (0/2) D:11

Altars:
Ashenzari
Cheibriados
Dithmenos
Elyvilon
Fedhas
Gozag
Hepliaklqana
Kikubaaqudgha
Makhleb
Nemelex Xobeh
Okawaru
Qazlal
Ru
Sif Muna
Trog
Uskayaw
Vehumet
Wu Jian
Xom
Yredelemnul
Zin
The Shining One

Shops:
D:6 [   D:11 (

Portals:
Trove: D:11 (give +8 demon trident)

Annotations:
D:8 Amaemon
D:11 Snorg


Innate Abilities, Weirdness & Mutations

You are a tree.
Your roots penetrate the ground, keeping you stationary.
You cannot be teleported.
You are immune to unholy pain and torment.
Your maximum health is greatly increased.
Your equipment is partially melded.
You are immune to sickness and miasma.
((Your stone body is resilient. (AC +8)))
You are immune to poison.
You resist negative energy. (rN+)
((You are resistant to electric shocks. (rElec)))
You are resistant to unholy torment.
You are immune to petrification.
Your muscles are strong. (Str +4, Int/Dex -1)


Message History

Snorg is heavily wounded.
Snorg bites you.
* * * LOW HITPOINT WARNING * * *
Snorg claws you but does no damage. You block Snorg's attack.
Snorg bites you but does no damage. Snorg claws you!
* * * LOW HITPOINT WARNING * * *
Snorg claws you but does no damage.
You barely miss Snorg.
Snorg is moderately wounded.
Snorg bites you.
* * * LOW HITPOINT WARNING * * *
Snorg claws you but does no damage. You block Snorg's attack.
You sock Snorg!
Snorg is heavily wounded.
Snorg bites you!
* * * LOW HITPOINT WARNING * * *
You block Snorg's attack. x2
Aiming: Charm
Press: ? - help, Shift-Dir - straight line, f - Snorg
Aim: Snorg (heavily wounded, berserk, chance to affect: 28%)
Okay, then.
You thump Snorg!
Snorg is heavily wounded.
Snorg bites you but does no damage. Snorg claws you.
* * * LOW HITPOINT WARNING * * *
Snorg claws you but does no damage. You block Snorg's attack.
Snorg completely misses you. You block Snorg's attack.
You bludgeon Snorg!!
Snorg is severely wounded.
You block Snorg's attack. Snorg claws you but does no damage. x2
An orc wizard comes into view. It is wielding a +1 dagger of venom.
You cannot teleport because you are held in place by your roots.
You closely miss Snorg.
Snorg is severely wounded.
Snorg bites you but does no damage. Snorg claws you but does no damage.
You block Snorg's attack.
You hit Snorg.
Snorg is severely wounded.
Snorg bites you.
You die...

#.........#..#...........
#.........#..#...........
#.........#..#........<.. ##
####.........##'#o..........
...##..#.................#######
$......#.................#......
.......##########........'......
..(..........#..#........#......
!.>.....(....).♣To.......#......
...###.###..#####........#.##.##
9 ##.###..###....#######.##.##
...........#....# #...(.)...
...........#....####....∩....
...........#...........(.....
............#......#..........
############.......#..#.#####
#..#######...#


You could see Snorg (berserk), an orc wizard and an orc.

Vanquished Creatures
  A hydra (D:11)
  Harold (D:11)
  2 two-headed ogres
  A tengu warrior (D:9)
  A flayed ghost (D:10)
  Pikel (D:5)
  An ugly thing (D:11)
  A cyclops (D:11)
  An orange demon (D:8)
  A gargoyle (D:11)
  A komodo dragon (D:9)
  Psyche (D:11)
  A tengu conjurer (D:11)
  A troll (D:9)
  Prince Ribbit (D:5)
  Sigmund (D:2)
  2 shadows
  6 wraiths
  3 basilisks (D:9)
  Eustachio (D:5)
  3 yaks (D:9)
  3 wyverns
  A fire bat (D:10)
  A steam dragon (D:9)
  2 water moccasins
  An ice beast (D:7)
  5 orc warriors
  2 sky beasts
  2 black bears
  A centaur (D:6)
  A lemure (D:5)
  A necrophage (D:8)
  3 bullfrogs
  2 gnoll sergeants
  2 scorpions
  13 wights
  3 killer bees (D:10)
  5 howler monkeys
  2 orc priests
  A hound (D:6)
  2 gnoll boudas (D:10)
  5 jellies
  Crazy Yiuf (D:6)
  Natasha (thrice) (D:2)
  7 orc wizards
  17 gnolls
  2 adders (D:6)
  A shadow imp (D:7)
  2 ufetubi
  3 worms
  4 dart slugs
  30 orcs
  8 ball pythons
  16 bats
  6 endoplasms
  4 giant cockroaches
  8 goblins
  7 hobgoblins
  5 jackals
  6 quokkas
  3 frilled lizards
  9 kobolds
  4 rats
236 creatures vanquished.

Vanquished Creatures (others)
  A killer bee (D:10)
  A fungus (D:11)
  7 plants
9 creatures vanquished.

Grand Total: 245 creatures vanquished

Notes
Turn   | Place    | Note
-------+----------+-------------------------------------------
     0 | D:1      | Ijustatesigmund the Gargoyle Fighter began the quest for
                  | the Orb.
     0 | D:1      | Reached XP level 1. HP: 14/14 MP: 1/1
   140 | D:1      | Reached XP level 2. HP: 16/19 MP: 2/2
   588 | D:1      | Reached XP level 3. HP: 23/24 MP: 3/3
   664 | D:1      | Reached skill level 4 in Fighting
  1270 | D:2      | Noticed Sigmund
  1270 | D:2      | Noticed Natasha
  1283 | D:2      | Killed Natasha
  1284 | D:2      | Reached XP level 4. HP: 21/30 MP: 4/4
  1290 | D:2      | Killed Sigmund
  1291 | D:2      | Reached skill level 5 in Fighting
  1291 | D:2      | Reached XP level 5. HP: 20/35 MP: 5/5
  1291 | D:2      | Reached XP level 6. HP: 23/40 MP: 6/6
  1461 | D:2      | Noticed Natasha
  1480 | D:2      | Killed Natasha
  1632 | D:2      | Found a faded altar of an unknown god.
  1669 | D:2      | Noticed Natasha
  1683 | D:2      | Killed Natasha
  2740 | D:3      | Found an opulent altar of Gozag.
  3150 | D:4      | Noticed Pikel
  3174 | D:5      | Entered Level 5 of the Dungeon
  3196 | D:5      | Killed Pikel
  3197 | D:5      | Reached skill level 6 in Fighting
  3197 | D:5      | Reached skill level 5 in Maces & Flails
  3197 | D:5      | Reached skill level 5 in Shields
  3197 | D:5      | Reached XP level 7. HP: 14/47 MP: 7/7
  3380 | D:5      | Reached XP level 8. HP: 40/52 MP: 8/8
  3446 | D:5      | Noticed Prince Ribbit
  3471 | D:5      | Killed Prince Ribbit
  3472 | D:5      | Reached skill level 7 in Fighting
  3847 | D:5      | Noticed Eustachio
  3879 | D:5      | Killed Eustachio
  4853 | D:4      | Found a stormy altar of Qazlal.
  4887 | D:4      | Found an ornate altar of the Wu Jian Council.
  5470 | D:6      | Found Mudas's Antique Armour Boutique.
  5505 | D:6      | Bought a pair of runed gloves for 202 gold pieces
  5623 | D:6      | Found a staircase to the Ecumenical Temple.
  5653 | D:6      | Reached XP level 9. HP: 51/59 MP: 9/9
  5812 | D:6      | Reached skill level 8 in Fighting
  6045 | D:6      | Reached skill level 5 in Armour
  6278 | D:6      | Found a shimmering altar of Xom.
  6389 | D:6      | Found a runed translucent door.
  6390 | D:6      | Noticed Crazy Yiuf
  6397 | D:6      | Killed Crazy Yiuf
  7013 | D:7      | Found a bloodstained altar of Trog.
  7682 | D:7      | Reached skill level 9 in Fighting
  8076 | D:8      | Reached XP level 10. HP: 34/66 MP: 10/10
  8546 | Temple   | Entered the Ecumenical Temple
  8852 | D:8      | Noticed Amaemon
  9004 | D:8      | Found a snail-covered altar of Cheibriados.
  9412 | D:8      | Noticed an orange demon
  9422 | D:8      | Killed an orange demon
  9423 | D:8      | Reached skill level 10 in Fighting
  9458 | D:8      | Found an ancient bone altar of Kikubaaqudgha.
  9467 | D:8      | Found a radiant altar of Vehumet.
  9545 | D:8      | Noticed a two-headed ogre
  9556 | D:8      | Killed a two-headed ogre
  9557 | D:8      | Reached skill level 1 in Dodging
  9557 | D:8      | Reached skill level 1 in Evocations
  9636 | D:9      | Identified the ring "Errosag" {+Blink MP+9 Str-2 Int+2}
  9727 | D:8      | Became a worshipper of Cheibriados the Contemplative
 10092 | D:9      | Found a staircase to the Lair.
 10187 | D:9      | Noticed a tengu warrior
 10198 | D:9      | Killed a tengu warrior
 10199 | D:9      | Reached XP level 11. HP: 69/73 MP: 11/11
 10951 | D:10     | Entered Level 10 of the Dungeon
 11108 | D:10     | Reached * piety under Cheibriados
 11238 | D:10     | Identified the +3 ring mail "Mitran" {Harm Str+5 Slay-3}
 11395 | D:10     | Found a shadowy altar of Dithmenos.
 11447 | D:10     | Reached skill level 11 in Fighting
 11559 | D:10     | Found a runed translucent door.
 11628 | D:10     | Found a shimmering altar of Xom.
 11641 | D:10     | Found an ornate altar of the Wu Jian Council.
 11648 | D:10     | Found an ornate altar of the Wu Jian Council.
 11683 | D:10     | Found a hide-covered altar of Uskayaw.
 11692 | D:10     | Found a glowing golden altar of the Shining One.
 11766 | D:10     | Reached ** piety under Cheibriados
 11811 | D:10     | Found a shimmering altar of Xom.
 11855 | D:10     | Reached skill level 10 in Maces & Flails
 12020 | D:10     | Noticed a flayed ghost
 12036 | D:10     | Killed a flayed ghost
 12220 | D:11     | Noticed a four-headed hydra
 12231 | D:11     | Killed a four-headed hydra
 12441 | D:11     | Found a portal to a secret trove of treasure.
 12641 | D:11     | Noticed a cyclops
 12684 | D:11     | Killed a cyclops
 12699 | D:11     | Found Yffishra's Antique Weapon Boutique.
 12709 | D:11     | Bought a glowing flail for 143 gold pieces
 12747 | D:11     | Found a staircase to the Orcish Mines.
 12828 | D:11     | Noticed Psyche
 12837 | D:11     | Killed Psyche
 12938 | D:11     | Noticed a two-headed ogre
 12951 | D:11     | Killed a two-headed ogre
 12952 | D:11     | Reached skill level 5 in Evocations
 13290 | D:11     | Noticed a red ugly thing
 13455 | D:11     | Killed a red ugly thing
 13770 | D:11     | Noticed Harold
 13780 | D:11     | Gained mutation: You are weak. (Str -2) [potion of
                  | mutation]
 13780 | D:11     | Gained mutation: You have large cloven feet. [potion of
                  | mutation]
 13781 | D:11     | Lost mutation: You are weak. (Str -2) [potion of mutation]
 13781 | D:11     | Lost mutation: You have large cloven feet. [potion of
                  | mutation]
 13781 | D:11     | Gained mutation: Your spells are a little harder to cast,
                  | but a little more powerful. [potion of mutation]
 13781 | D:11     | Gained mutation: You do not regenerate when monsters are
                  | visible. [potion of mutation]
 13781 | D:11     | Gained mutation: You occasionally shout uncontrollably at
                  | your foes. [potion of mutation]
 13782 | D:11     | Lost mutation: You occasionally shout uncontrollably at
                  | your foes. [potion of mutation]
 13782 | D:11     | Lost mutation: You do not regenerate when monsters are
                  | visible. [potion of mutation]
 13782 | D:11     | Lost mutation: Your spells are a little harder to cast, but
                  | a little more powerful. [potion of mutation]
 13782 | D:11     | Gained mutation: Your muscles are strong. (Str +4, Int/Dex
                  | -1) [potion of mutation]
 13794 | D:11     | Killed Harold
 13795 | D:11     | Reached skill level 5 in Dodging
 13813 | D:11     | Reached XP level 12. HP: 68/81 MP: 12/12
 13820 | D:11     | Noticed Snorg
 13832 | D:11     | HP: 6/121 [Snorg (8)]
 13833 | D:11     | HP: 2/121 [Snorg (5)]
 13836 | D:11     | Slain by Snorg

Illustrated notes

Levels and vault maps discovered:
D:1:      dpeg_arrival_tiny_f, layout_loops_cross, kennysheep_doodads,
          palyth_stone_intersect
D:2:      layout_basic, hellmonk_ecumenical_altar_arch_garden, minmay_cut_off,
          uniq_sigmund, uniq_natasha
D:3:      layout_rooms, nicolae_gozag_seed_capital,
          corexii_hall_statues_deadend, serial_bayou_pond_c,
          kennysheep_generic_room_4
D:4:      layout_cave_pools, kennysheep_mini_moat, old_standard_altar,
          uniq_pikel
D:5:      layout_cave_pools, chequers_ossuary_entry_cave,
          chequers_serial_rivers_micro_c, uniq_prince_ribbit1, uniq_eustachio
D:6:      layout_loops_ring, mainiacjoe_overflow_24_doors,
          minmay_temple_entry_ruins, serial_shops, shop_fountains,
          nicolae_benzene_ring, uniq_crazy_yiuf_cottage
D:7:      minmay_chambers_of_fours, layout_loops_ring, lemuel_tele_altar
D:8:      hellmonk_destroyed_diamonds, layout_rooms,
          mainiacjoe_overflow_small_starburst, mainiacjoe_overflow_swirl,
          roderic_lattice_a, uniq_amaemon
D:9:      kennysheep_big_flooded_room, layout_gridville, erik_lair_dragon
D:10:     due_megacathedral, layout_irregular_city,
          mainiacjoe_overflow_six_doors_small
D:11:     layout_gridville, david_orc_2, ebering_ghost_funeral_grove,
          serial_shops, nicolae_shop_advertising_works
          [nicolae_subvault_shop_adworks], nicolae_trove_entry_free_sample,
          uniq_psyche, uniq_harold, uniq_snorg
Temple:   nicolae_temple_figure_eight

Skill      XL: |  1  2  3  4  5  6  7  8  9 10 11 |
---------------+----------------------------------+-----
Fighting       | 4 5 6 7 9 10 11 | 11.9
Maces & Flails | 3 4 5 6 8 9 10 | 10.7
Shields        | 4 5 6 |  6.7
Armour         | 4 6 7 |  7.3
Dodging        | 3 5 |  5.0
Evocations     | 3 5 |  5.5

Action                   |  1- 3 |  4- 6 |  7- 9 | 10-12 || total
-------------------------+-------+-------+-------+-------++-------
Melee: Flail             |   111 |   153 |       |    43 ||   307
       Whip              |       |       |   303 |       ||   303
       Mace              |       |       |    91 |   494 ||   585
Throw: Throwing net      |       |       |     3 |       ||     3
Invok: Bend Time         |       |       |       |     1 ||     1
Evoke: Wand              |       |       |     4 |    15 ||    19
       Condenser vane    |       |       |       |     1 ||     1
  Use: Scroll            |     1 |     6 |     9 |     7 ||    23
       Potion            |     1 |     5 |     2 |     8 ||    16
 Stab: Held in net/web   |       |       |     1 |       ||     1
       Invisible         |       |       |       |     2 ||     2
Armor: Scale mail        |    99 |    94 |    79 |       ||   272
       Chain mail        |       |       |   164 |   208 ||   372
       Skin              |       |       |       |    10 ||    10
Dodge: Dodged            |    58 |    80 |   147 |   263 ||   548
Block: Buckler           |    31 |    35 |   102 |   330 ||   498
       Reflection        |       |       |       |     4 ||     4
